AoeStats
← Muckel4488

Nomad

509152012Analyzed
2v2 RM · 7d ago on Sep 25, 2026· 43m 7s· 4 players
Game mode
Random Map
Map size
176×176
Population
200
Speed
Normal
Resources
Standard
Victory
Conquest
Starting age
Dark Age
Ending age
Imperial Age
RankedLock teamsTeams togetherTeam positionsShared explorationLock speedFull tech treeHidden civsTurbo modeCheats
Victory
Defeat
🇦🇷 Huns · Argentina
706
+16
🇦🇷 Persians · Argentina
621
+19
🇩🇪 Poles · Germany
712
-18
🇺🇸 Chinese · United States
675
-17
artav001
21:49 Feudal Age
25:34 Double-Bit Axe
29:08 Castle Age
31:09 Wheelbarrow
30:48 Bow Saw
35:02 Town Watch
37:10 Hand Cart
38:15 Squires
Muckel4488
16:48 Feudal Age
18:59 Man-at-Arms
23:00 Wheelbarrow
23:07 Fishing Lines
24:49 Gold Mining
24:49 Double-Bit Axe
24:51 Horse Collar
30:30 Castle Age
29:36 Forging
29:28 Scale Mail Armor
29:34 Scale Barding Armor
29:48 Arson
30:24 Bloodlines
30:04 Town Watch
33:03 Hand Cart
32:54 Husbandry
32:20 Long Swordsman
33:27 Loom
35:56 Town Patrol
37:27 Pikeman
39:38 Bow Saw
alejandronicolass97
14:57 Feudal Age
16:18 Double-Bit Axe
19:52 Stone Mining
19:55 Gold Mining
27:27 Castle Age
27:56 Horse Collar
29:17 Medium Warships
30:31 Scale Barding Armor
30:28 Scale Mail Armor
33:24 Chain Mail Armor
33:30 Chain Barding Armor
34:12 Chain Barding Armor
34:30 Wheelbarrow
36:07 Heavy Plow
36:44 Town Watch
37:15 Hand Cart
39:08 Bow Saw
42:03 Imperial Age
40:11 Gold Shaft Mining
42:07 Elite Tarkan
43:38 Town Patrol
nachoandy10000
5:39 Loom
15:59 Feudal Age
17:19 Wheelbarrow
16:37 Stone Mining
16:51 Double-Bit Axe
16:59 Town Watch
17:32 Gold Mining
19:45 Man-at-Arms
27:11 Castle Age
26:48 Fletching
27:10 Forging
27:06 Scale Barding Armor
27:03 Scale Mail Armor
27:13 Padded Archer Armor
27:38 Light Cavalry
30:11 Iron Casting
30:14 Bloodlines
39:56 Ballistics
39:27 Guard Tower
43:06 Husbandry
43:43 Hand Cart
44:07 Stone Shaft Mining
44:08 Gold Shaft Mining
Connection lost

Rejoining the realm…

Still unreachable

The connection could not be restored.

Session expired

The server has moved on; the page needs a fresh start.